 Dungeon Crawl Stone Soup version 0.20-a0-893-g832831a (webtiles) character file.

69 Rrauwl the Digger (level 4, -2/38 HPs)
             Began as a Deep Dwarf Earth Elementalist on Mar 18, 2017.
             Slain by Sigmund
             ... wielding a +3 antimagic scythe
              (8 damage)
             ... on level 2 of the Dungeon.
             The game lasted 00:12:10 (1451 turns).

Rrauwl the Digger (Deep Dwarf Earth Elementalist)   Turns: 1451, Time: 00:12:11

Health: -2/38      AC:  5    Str:  9 (11) XL:     4   Next: 2%
Magic:  6/7        EV: 13    Int: 15 (17) God:
Gold:   106        SH:  0    Dex: 13      Spells: 6/7 levels left

rFire    . . .     SeeInvis .   j - +1 dagger (drain)
rCold    . . .     Gourm    .   c - +1 robe
rNeg     + . .     Faith    .   (no shield)
rPois    .         Spirit   .   a - +1 helmet
rElec    .         Reflect  .   (no cloak)
rCorr    .         Harm     .   (no gloves)
MR       .....                  (no boots)
Stlth    +++.......             (no amulet)
Regen    0.0/turn               g - ring of stealth
MPRegen  0.1/turn               h - ring of positive energy

@: non-regenerating
A: damage resistance, heal wounds, sense surroundings 1, no regeneration
a: Heal Wounds


You were on level 2 of the Dungeon.
You were not hungry.

You visited 1 branch of the dungeon, and saw 2 of its levels.

You collected 106 gold pieces.

Inventory:

Hand Weapons
 j - a +1 dagger of draining (weapon)
Missiles
 d - 20 stones (quivered)
Armour
 a - a +1 helmet (worn)
 c - a +1 robe (worn)
Jewellery
 g - a ring of stealth (right hand)
 h - a ring of positive energy (left hand)
Scrolls
 f - a scroll of remove curse
 k - a scroll of amnesia
Books
 e - a book of Geomancy

   Spells                             Type                      Level
   a - Sandblast                      Earth                        1
   b - Passwall                       Transmutation/Earth          2
   c - Stone Arrow                    Conjuration/Earth            3
   d - Petrify                        Transmutation/Earth          4
   e - Lee's Rapid Deconstruction     Earth                        5
Comestibles
 b - a chunk of flesh


   Skills:
 + Level 1.5 Fighting
 + Level 3.0 Dodging
 - Level 3.0 Stealth
 - Level 2.0 Spellcasting
   Level 0.8 Transmutations
 + Level 4.7 Earth Magic


You had 6 spell levels left.
You knew the following spells:

 Your Spells              Type           Power        Failure   Level  Hunger
a - Sandblast             Erth           ###...       3%          1    #......


Dungeon Overview and Level Annotations

Branches:
Dungeon (2/15)

Altars:

Annotations:
D:2 Sigmund


Innate Abilities, Weirdness & Mutations

You are resistant to damage.
You can heal yourself by infusing magical energy.
You passively map a small area around you.
You do not regenerate.


Message History

a dagger; a goblin skeleton You see here a bat corpse.
You butcher the bat corpse.
b - 5 chunks of flesh (gained 1)
You see here a bat skeleton.
Some of the chunks of flesh in your inventory have rotted away.
Things that are here:
a dagger; a club
Things that are here:
a club; a hobgoblin skeleton
Casting: Sandblast
Confirm with . or Enter, or press ? or * to list all spells.
Aiming: Sandblast
Press: ? - help, Shift-Dir - straight line, f - Sigmund
Aim: Sigmund, wielding an antimagic scythe and wearing a robe (hasn't noticed you)
The blast of sand hits Sigmund.
Sigmund is moderately wounded.
d - 20 stones Sigmund hits you from afar with an antimagic scythe!
You die...

##.#..#####...............##..#).
##.#.......).÷................#..
.................................
..........######.............##..
..........#......................
####.####<..####).......#.#..##..
###.........####..........#..##..
...............)..#.......#......
........####.##.@.<....>.........
..).<...###.......@...........#..
............##....##...#÷.#...###
.........#####.#..##..##..#....#
##.#####.##....#..#..###..#....##
#.# ###.#..###..................
#.# #.....## #>.#............###
#.##....### #..#..#..(.w...#..
#.#...### #......)....##.#.#


You could see Sigmund.

Vanquished Creatures
  Robin (D:2)
  2 oozes
  A worm (D:2)
  2 dart slugs (D:1)
  2 leopard geckos
  A giant cockroach (D:1)
  6 hobgoblins
  5 bats
  3 frilled lizards
  11 goblins
  A kobold (D:1)
  7 rats
42 creatures vanquished.

Notes
Turn   | Place    | Note
-------+----------+-------------------------------------------
     0 | D:1      | Rrauwl the Deep Dwarf Earth Elementalist began the quest for the Orb.
     0 | D:1      | Reached XP level 1. HP: 15/15 MP: 3/3
   168 | D:1      | Reached XP level 2. HP: 15/24 MP: 1/4
   476 | D:1      | Reached skill level 1 in Fighting
   809 | D:2      | Reached XP level 3. HP: 18/31 MP: 4/6
   812 | D:2      | Noticed Robin
  1193 | D:2      | Noticed Sigmund
  1255 | D:2      | Killed Robin
  1255 | D:2      | Reached XP level 4. HP: 6/38 MP: 0/7
  1451 | D:2      | Slain by Sigmund

Vault maps used:
D:1:      dpeg_arrival_simpleton_c, serial_curves, eino_curves_03,
          eino_curves_02, minmay_pentomino_q2
D:2:      first_bread, uniq_sigmund, uniq_robin

Skill      XL: |  1  2  3 |
---------------+----------+-----
Stealth        | 3 |  3.0
Fighting       | 1 |  1.5
Spellcasting   | 2 |  2.0
Dodging        | 3 |  3.0
Transmutations | |  0.8
Earth Magic    | |  4.7

Action                   |  1- 3 |  4- 6 || total
-------------------------+-------+-------++-------
Melee: Unarmed           |    17 |       ||    17
       Dagger            |    10 |       ||    10
 Cast: Sandblast         |    72 |     3 ||    75
  Use: Scroll            |     5 |       ||     5
       Potion            |     5 |       ||     5
 Stab: Sleeping          |     1 |       ||     1
  Eat: Chunk             |     2 |       ||     2
       Bread ration      |       |     1 ||     1
Armor: Robe              |    14 |       ||    14
Dodge: Dodged            |    50 |       ||    50
